 Dungeon Crawl Stone Soup version 0.29.1-2-gbd0b4ee654 (webtiles) character file.

Game seed: 9992537756161688567

426 Icepheonix32 the Frost Mage (level 6, -1/36 HPs)
             Began as an Octopode Ice Elementalist on Oct 31, 2022.
             Was an Initiate of Jiyva.
             Killed from afar by a steam dragon (27 damage)
             ... with a ball of steam
             ... on level 4 of the Dungeon.
             The game lasted 00:06:39 (4644 turns).

Icepheonix32 the Frost Mage (OpIE)                  Turns: 4644, Time: 00:06:39

Health: -1/36      AC:  1    Str:  8    XL:     6   Next: 97%
Magic:  9/9        EV: 13    Int: 17    God:    Jiyva [......]
Gold:   151        SH:  0    Dex: 14    Spells: 2/9 levels left

rFire   . . .      SeeInvis .   p - +6 club (vorpal)
rCold   . . .      Faith    .   (no shield)
rNeg    . . .      Spirit   .   (helmet restricted)
rPois   .          Reflect  .   (no amulet)
rElec   .          Harm     .   (no ring)
rCorr   .          Rampage  .   (no ring)
Will    .....                   (no ring)
Stlth   +++.......              (no ring)
HPRegen 0.12/turn               (no ring)
MPRegen 0.11/turn               (no ring)
                                (no ring)
                                (no ring)

@: no status effects
A: almost no armour, amphibious, 8 rings, camouflage 1, gelatinous body 1,
(nimble swimmer 1), tentacles
a: Renounce Religion


You were on level 4 of the Dungeon.
You worshipped Jiyva.
Jiyva was noncommittal.
You visited 1 branch of the dungeon, and saw 4 of its levels.
You also visited: Sewer.

You collected 151 gold pieces.

Inventory:

Hand Weapons
 b - a +0 dagger of freezing
 i - a +0 rapier
 p - a +6 vorpal club (weapon)
 q - a +4 whip of flaming
Missiles
 j - 9 boomerangs
Scrolls
 c - 2 scrolls of identify
 l - a scroll of amnesia
Potions
 a - 2 potions of magic
 d - 2 potions of lignification
 e - a potion of resistance {unknown}
 f - 2 potions of mutation {unknown}
 g - a potion of flight {unknown}
 h - 2 potions of invisibility {unknown}
 k - a potion of brilliance {unknown}
 n - a potion of curing {unknown}
 o - a potion of attraction {unknown}


   Skills:
 - Level 2.0 Dodging
 - Level 2.6 Stealth
 - Level 2.0 Spellcasting
 + Level 8.1 Ice Magic


You had 2 spell levels left.
You knew the following spells:

 Your Spells              Type           Power      Damage    Failure   Level
a - Freeze                Ice            100%       1d11      1%          1
b - Ozocubu's Armour      Ice            29%        N/A       1%          3
c - Frozen Ramparts       Ice            58%        1d9       1%          3

Your spell library contained the following spells:

 Spells                   Type           Power      Damage    Failure   Level
 Static Discharge         Conj/Air       1%         3-4/arc   28%         2
 Sublimation of Blood     Necr           1%         N/A       28%         2
 Wereblood                Tmut           1%         N/A       28%         2
 Hailstorm                Conj/Ice       15%        3d5       36%         4
 Dispel Undead            Necr           1%         3d6       88%         4
 Sticky Flame             Conj/Fire      1%         2d3       88%         4
 Summon Hydra             Summ           0%         N/A       100%        7


Dungeon Overview and Level Annotations

Branches:
Dungeon (4/15)              Sewer (visited)
 Temple: D:4-7

Altars:

Shops:
D:2 :


Innate Abilities, Weirdness & Mutations

You cannot wear most types of armour.
You are amphibious.
You can wear up to eight rings at the same time.
Your skin changes colour to match your surroundings (Stealth+).
Your rubbery body absorbs attacks. (AC +1, EV +1)
((You are camouflaged when in or above water. (Stealth+)))
You have tentacles for arms and can constrict up to eight enemies at once.


Message History

You hit the gnoll.
The gnoll is severely wounded.
You constrict the gnoll. The gnoll hits you with a +0 halberd!
You hit the gnoll.
You kill the gnoll!
No target in view!
An orc is nearby!
An orc is nearby!
You see here a +0 halberd.
The orc shouts!
You sock the orc!
You kill the orc!
No target in view!
No target in view!
No target in view!
No target in view!
No target in view!
No target in view!
No target in view!
No target in view!
No target in view!
No target in view!
No target in view!
No target in view!
No target in view!
No target in view!
A steam dragon comes into view.
A steam dragon is nearby!
The steam dragon hisses angrily.
Press: ? - help, v - describe, . - travel The floor.
Throw: 9 boomerangs
Press: ? - help, Shift-Dir - straight line, f - steam dragon
Aim: a steam dragon (severely wounded, 57% to hit)
You throw a boomerang.
The boomerang closely misses the steam dragon.
The steam dragon breathes steam at you. The ball of steam hits you!!
Ouch! That really hurt!
You die...

###...#.# ##........###
##..#.###...........##
#...................##
##...................##
...##....................####.
...............................
......#........................
......#.#.........)............
......#.#...D.ยงยง@...>..........
......#.#...............(......
......#.#......).....<.........
.... #......#~#...............
##.#...#~#..............#
#.#####~##.....######### #.
#)######## .. #)# #)# #


There were no monsters in sight!

Vanquished Creatures
  5 jellies (Sewer)
  Jessica (D:3)
  An iguana (D:4)
  Robin (D:2)
  6 adders
  4 gnolls
  A river rat (Sewer)
  2 dart slugs
  12 orcs
  7 ball pythons
  5 bats (D:1)
  11 endoplasms
  8 giant cockroaches
  13 goblins
  5 hobgoblins
  3 jackals (D:1)
  5 kobolds
  A quokka (D:1)
  3 frilled lizards
  4 rats
98 creatures vanquished.

Vanquished Creatures (others)
  A jelly (D:4)
  An orc (D:4)
  A giant cockroach (D:4)
  2 goblins (D:4)
5 creatures vanquished.

Grand Total: 103 creatures vanquished

Notes
Turn   | Place    | Note
-------+----------+-------------------------------------------
     0 | D:1      | Icepheonix32 the Octopode Ice Elementalist began the quest
                  | for the Orb.
     0 | D:1      | Reached XP level 1. HP: 11/11 MP: 3/3
   142 | D:1      | Reached XP level 2. HP: 17/17 MP: 3/5
   724 | D:1      | Reached XP level 3. HP: 12/21 MP: 6/6
   919 | D:1      | Reached skill level 5 in Ice Magic
  1470 | D:2      | Reached XP level 4. HP: 25/27 MP: 7/7
  1755 | D:2      | Found Efio's Book Shop.
  1837 | D:2      | Noticed Robin
  1948 | D:2      | Learned a level 3 spell: Ozocubu's Armour
  1952 | D:2      | Learned a level 3 spell: Frozen Ramparts
  1980 | D:2      | Killed Robin
  1987 | D:2      | Reached skill level 6 in Ice Magic
  3064 | D:3      | Found a faded altar of an unknown god.
  3101 | D:3      | Noticed Jessica
  3105 | D:3      | Killed Jessica
  3106 | D:3      | Reached XP level 5. HP: 19/31 MP: 5/8
  3651 | D:4      | Found a glowing drain.
  3663 | Sewer    | Entered a sewer
  3822 | Sewer    | Found a viscous altar of Jiyva.
  3828 | Sewer    | Reached skill level 7 in Ice Magic
  3828 | Sewer    | Reached XP level 6. HP: 21/36 MP: 9/9
  4495 | Sewer    | Became a worshipper of Jiyva Jerig the Shapeless
  4577 | D:4      | Reached skill level 8 in Ice Magic
  4642 | D:4      | Noticed a steam dragon
  4644 | D:4      | Killed from afar by a steam dragon

Illustrated notes

Levels and vault maps discovered:
D:1:      erik_arrival_blinker_ship, layout_basic
D:2:      wad_lake_hut, layout_basic, serial_shops, shop,
          kennysheep_generic_room_3, uniq_robin
D:3:      layout_basic, ebering_ecumenical_altar_hall, uniq_jessica
D:4:      minmay_general_purpose_star, layout_cave_pods, lemuel_round_altar,
          nicolae_ashenzari_skybound, lemuel_doored_altar, portal_sewer_entry_d

Skill      XL: |  1  2  3  4  5  6 |
---------------+-------------------+-----
Ice Magic      | 5 6 7 8 |  8.1
Dodging        | |  2.0
Stealth        | |  2.6
Spellcasting   | |  2.0

Action                   |  1- 3 |  4- 6 || total
-------------------------+-------+-------++-------
Melee: Unarmed           |    30 |       ||    30
       Tentacles         |    12 |    17 ||    29
       Constrict         |     8 |    20 ||    28
       Rapier            |     6 |    47 ||    53
       Club              |       |    64 ||    64
       Punch             |       |     1 ||     1
Throw: Boomerang         |       |     6 ||     6
 Cast: Freeze            |    27 |    16 ||    43
       Ozocubu's Armour  |       |     3 ||     3
       Frozen Ramparts   |       |     3 ||     3
  Use: Potion            |       |     2 ||     2
       Scroll            |       |     7 ||     7
 Stab: Sleeping          |     7 |    20 ||    27
Armor: Skin              |    11 |    11 ||    22
Dodge: Dodged            |    48 |    56 ||   104
